 Dungeon Crawl Stone Soup version 0.27-a0-1500-g450c7e4133 (webtiles) character file.

Game seed: 15162394433232361451

723 robertstho the Magician (level 8, -9/55 HPs)
             Began as a Djinni Fire Elementalist on July 7, 2021.
             Shot with an arrow by a centaur (12 damage)
             ... on level 4 of the Dungeon.
             The game lasted 00:06:04 (4719 turns).

robertstho the Magician (Djinni Fire Elementalist)  Turns: 4719, Time: 00:06:05

Health: -9/55      AC:  3    Str:  7    XL:     8   Next: 2%
Gold:   137        EV: 13    Int: 18    God:
                   SH:  0    Dex: 15

rFire    + + .     SeeInvis .   c - +0 dagger
rCold    x . .     Faith    .   (no shield)
rNeg     . . .     Spirit   .   a - +0 robe
rPois    ∞         Reflect  .   h - +0 helmet
rElec    .         Harm     .   (no cloak)
rCorr    .         Rampage  .   (no gloves)
Will     .....                  (boots unavailable)
Stlth    ++........             (no amulet)
HPRegen  0.18/turn              (no ring)
MPRegen  0.00/turn              (no ring)

@: flying
A: sickness immunity, fire resistance 2, cold vulnerability 1, float, innate
caster, hp casting, extra vitality 1
a: no special abilities


You were on level 4 of the Dungeon.
You visited 1 branch of the dungeon, and saw 4 of its levels.

You collected 137 gold pieces.

Inventory:

Hand Weapons
 c - a +0 dagger (weapon)
Armour
 a - a +0 robe (worn)
 h - a +0 helmet (worn)
Jewellery
 g - an amulet of the acrobat
Scrolls
 d - a scroll of blinking
 e - a scroll of noise
 j - a scroll of enchant armour {unknown}
 k - a scroll of identify
Potions
 b - 2 potions of attraction
 i - a potion of brilliance {unknown}
 l - a potion of magic {unknown}


   Skills:
 * Level 2.5 Fighting
 + Level 2.7 Dodging
 + Level 2.5 Stealth
 * Level 6.0 Spellcasting


You couldn't memorise any spells.
You knew the following spells:

 Your Spells              Type           Power      Damage    Failure   Level
a - Foxfire               Conj/Fire      100%       2x1d9     1%          1
b - Conjure Flame         Conj/Fire      27%        6-21      3%          3
c - Inner Flame           Hex/Fire       27%        N/A       3%          3
d - Sticky Flame          Conj/Fire      27%        2d5       10%         4
e - Fireball              Conj/Fire      13%        3d7       26%         5
f - Sandblast             Erth           54%        2d13      1%          1
g - Corpse Rot            Necr/Air       N/A        N/A       1%          2
h - Passwall              Tmut/Erth      22%        N/A       1%          2
Your spell library was empty.

Dungeon Overview and Level Annotations

Branches:
Dungeon (4/15)
 Temple: D:4-7

Altars:


Innate Abilities, Weirdness & Mutations

You are immune to sickness and miasma.
You are immune to poison.
Your flesh is very heat resistant. (rF++)
You are vulnerable to cold. (rC-)
You float through the air rather than walking.
You learn spells naturally, not from books.
Your magical power is your life essence.
You have superior vitality. (+4 HP)


Message History

The foxfire hits the scorpion.
The scorpion is lightly wounded.
Casting: Foxfire (safe; 1% risk of failure)
Confirm with . or Enter, or press ? or * to list all spells.
The spell is quite dangerous to cast (11% risk of failure)!
Continue anyway?
Aiming: Sticky Flame (quite dangerous; 11% risk of failure)
Press: ? - help, Shift-Dir - straight line, f - scorpion
Aim: a scorpion (lightly wounded, ally target, 100% to hit)
The sticky flame hits the scorpion but does no damage.
The scorpion is lightly wounded.
The scorpion is covered in liquid flames!
The scorpion burns!
The foxfire hits the scorpion but does no damage.
The scorpion is heavily wounded.
An endoplasm comes into view.
The endoplasm quivers.
The scorpion burns!
The scorpion barely misses you.
The scorpion burns!
You kill the scorpion!
The centaur shoots an arrow.
The arrow hits you!
The centaur shoots an arrow.
The arrow closely misses you.
Your magical contamination has completely faded away.
Your Spellcasting skill increases to level 6!
You have reached level 8!
You feel agile.
Casting: Sticky Flame (dangerous; 10% risk of failure)
Confirm with . or Enter, or press ? or * to list all spells.
The spell is quite dangerous to cast (26% risk of failure)!
Continue anyway?
Aiming: Fireball (quite dangerous; 26% risk of failure)
Press: ? - help, Shift-Dir - straight line, f - centaur
Aim: a centaur, wielding a +0 shortbow and quivering arrows The fireball explodes!
The fireball engulfs the centaur!
The centaur is heavily wounded.
* * * LOW HITPOINT WARNING * * *
The centaur shoots an arrow.
The arrow hits you!
* * * LOW HITPOINT WARNING * * *
It was a potion of cancellation.
You feel magically purged.
The centaur shoots an arrow.
The arrow barely misses you.
The centaur shoots an arrow.
The arrow hits you!
You die...

⌠.. ..#
.. #.#
J.# ##c#
#..#
##.##
#.@#
##.##
#..# #.##
##.# #..#
##.##
######..#
#......##


You could see a centaur and an endoplasm.

Vanquished Creatures
  Grinder (D:3)
  2 necrophages (D:4)
  An ogre (D:4)
  A scorpion (D:4)
  A jelly (D:4)
  2 orc priests (D:3)
  A bullfrog skeleton (D:4)
  An orc wizard (D:4)
  An adder (D:4)
  An adder skeleton (D:4)
  A dart slug (D:3)
  4 orcs
  4 bats
  5 endoplasms
  A giant cockroach (D:1)
  4 goblins
  5 hobgoblins
  3 jackals (D:2)
  2 quokkas (D:1)
  5 ball pythons
  A frilled lizard (D:2)
  3 kobolds
  A quokka skeleton (D:4)
51 creatures vanquished.

Vanquished Creatures (others)
  325 foxfires
325 creatures vanquished.

Grand Total: 376 creatures vanquished

Notes
Turn   | Place    | Note
-------+----------+-------------------------------------------
     0 | D:1      | robertstho the Djinni Fire Elementalist began the quest for
                  | the Orb.
     0 | D:1      | Reached XP level 1. HP: 15/15 MP: 0/0
   407 | D:1      | Reached XP level 2. HP: 15/21 MP: 0/0
   872 | D:1      | Reached skill level 3 in Spellcasting
  1260 | D:1      | Reached XP level 3. HP: 22/25 MP: 0/0
  1260 | D:1      | Learned a level 1 spell: Sandblast
  1494 | D:2      | Found a faded altar of an unknown god.
  3437 | D:3      | Reached XP level 4. HP: 20/31 MP: 0/0
  3500 | D:3      | Noticed Grinder
  3511 | D:3      | Reached skill level 1 in Fighting
  3720 | D:3      | Killed Grinder
  3721 | D:3      | Reached skill level 4 in Spellcasting
  3721 | D:3      | Reached XP level 5. HP: 30/38 MP: 0/0
  3721 | D:3      | Learned a level 2 spell: Corpse Rot
  3721 | D:3      | Reached XP level 6. HP: 35/43 MP: 0/0
  4251 | D:4      | Noticed an ogre
  4256 | D:4      | Killed an ogre
  4257 | D:4      | Reached skill level 5 in Spellcasting
  4257 | D:4      | Reached XP level 7. HP: 43/48 MP: 0/0
  4257 | D:4      | Learned a level 2 spell: Passwall
  4718 | D:4      | Reached skill level 6 in Spellcasting
  4718 | D:4      | Reached XP level 8. HP: 19/55 MP: 0/0
  4719 | D:4      | Shot with an arrow by a centaur

Illustrated notes

Levels and vault maps discovered:
D:1:      dpeg_arrival_more_subterranean_lakeside_camping, layout_loops_corners,
          hangedman_decor_lopped
D:2:      layout_basic, ebering_ecumenical_altar_ruins, item_on_display_a
D:3:      layout_loops_ring, minmay_box_of_dots, uniq_grinder
D:4:      layout_cave_pools, minmay_temple_entry_wispy,
          chequers_serial_rivers_room_b, hangedman_feature_mirror

Skill      XL: |  1  2  3  4  5  6  7 |
---------------+----------------------+-----
Spellcasting   | 3 4 5 6 |  6.0
Fighting       | 1 2 |  2.5
Stealth        | 2 |  2.5
Dodging        | |  2.7

Action                   |  1- 3 |  4- 6 |  7- 9 || total
-------------------------+-------+-------+-------++-------
 Cast: Foxfire           |    90 |    54 |    47 ||   191
       Sticky Flame      |       |       |     1 ||     1
       Fireball          |       |       |     1 ||     1
  Use: Scroll            |     4 |       |       ||     4
       Potion            |       |       |     1 ||     1
Armor: Robe              |     8 |     1 |       ||     9
Dodge: Dodged            |    22 |     1 |     4 ||    27

Table legend: (Time is in decaauts)
 A = Elapsed time spent in this place.
 B = Non-inter-level travel time spent in this place.
 C = Inter-level travel time spent in this place.
 D = Time resting spent in this place.
 E = Time spent auto-exploring this place.
 F = Levels seen in this place.
 G = Mean time per level.
                   A        B        C        D        E       F      G
               +--------+--------+--------+--------+--------+-----+--------+
         Total |   4717 |   4657 |     60 |    227 |   3995 |   4 | 1179.2 |
       Dungeon |   4717 |   4657 |     60 |    227 |   3995 |   4 | 1179.2 |
               +--------+--------+--------+--------+--------+-----+--------+

Top non-repeatable levels by time:
     D:3: 1650 daAuts
     D:1: 1493 daAuts
     D:2: 1040 daAuts
     D:4: 532 daAuts
